 Dungeon Crawl Stone Soup version 0.31.0-11-ge490571c62 (webtiles) character file.

Game seed: 4174032649467836780

227 inmateoo the Digger (level 5, 0/28 (38) HPs)
             Began as a Demonspawn Earth Elementalist on Jan 28, 2024.
             Slain by a wight
             ... wielding a +0 dagger
              (8 damage)
             ... on level 3 of the Dungeon.
             The game lasted 00:03:43 (2813 turns).

inmateoo the Digger (Demonspawn Earth Elementalist) Turns: 2813, Time: 00:03:44

HP:   0/28 (38)     AC:  5    Str:  9    XL:     5   Next: 70%
MP:   3/9           EV: 12    Int: 17    God:
Gold: 77            SH:  4    Dex: 13    Spells: 5/9 levels left

rFire   . . .        (no weapon)
rCold   . . .        (no shield)
rNeg    . . .        n - +2 robe {Will+}
rPois   .            (no helmet)
rElec   .            (no cloak)
rCorr   .            (no gloves)
SInv    .            m - +0 pair of boots
Will    +....        (no amulet)
Stlth   ++           (no ring)
HPRegen 0.24/turn    (no ring)
MPRegen 0.22/turn

%: no passive effects
@: very heavily drained
A: magic regeneration, condensation shield
a: no special abilities


You were on level 3 of the Dungeon.
You visited 1 branch of the dungeon, and saw 4 of its levels.

You collected 77 gold pieces.

Inventory:

Armour
 a - the +1 pair of gloves of Bedevilment {Str+6 Int-3}
   (You found it on level 3 of the Dungeon)

   Str+6:     It affects your strength (+6).
   Int-3:     It affects your intelligence (-3).
 d - a +0 ring mail of cold resistance
 m - a +0 pair of boots (worn)
 n - a +2 robe of willpower (worn)
Jewellery
 e - an amulet of guardian spirit
Scrolls
 l - 2 scrolls of teleportation
Potions
 b - a potion of magic
 c - 2 potions of attraction
 f - 3 potions of resistance {unknown}
 g - a potion of might {unknown}
 h - a potion of ambrosia {unknown}
 i - a potion of enlightenment {unknown}
 j - 3 potions of cancellation {unknown}
 k - 2 potions of heal wounds {unknown}


   Skills:
 + Level 1.9 Fighting
 + Level 2.6 Dodging
 + Level 2.9 Stealth
 + Level 2.9 Spellcasting
 + Level 2.3 Conjurations
 + Level 3.4 Earth Magic


You had 5 spell levels left.
You knew the following spells:

 Your Spells              Type           Power      Damage    Failure   Level
a - Sandblast             Erth           28%        2d8       4%          1
b - Stone Arrow           Conj/Erth      24%        3d8       16%         3

Your spell library contained the following spells:

 Spells                   Type           Power      Damage    Failure   Level
 Passwall                 Erth           14%        N/A       13%         3
 Mercury Vapours          Alch/Air       4%         N/A       26%         2
 Mephitic Cloud           Conj/Alch/Air  5%         N/A       36%         3
 Brom's Barrelling Bould  Conj/Erth      12%        2d4       47%         4
 Petrify                  Alch/Erth      8%         N/A       65%         4
 Freezing Cloud           Conj/Ice/Air   2%         6-21      98%         5


Dungeon Overview and Level Annotations

Branches:
Dungeon (4/15)
 Temple: D:4-7

Altars:
Gozag


Innate Abilities, Weirdness & Mutations

You regenerate magic rapidly.
A meltable shield of frost defends you. (SH +4)


Message History

The wight hits you from afar with a +0 spear.
You feel drained. The wight hits you with a +0 dagger.
You feel drained.
Casting: Sandblast (safe; 4% risk of failure)
Confirm with . or Enter, or press ? or * to list all spells.
Aiming: Sandblast (safe; 4% risk of failure)
Press: ? - help, Shift-Dir - straight line, f/p - wight
Aim: a wight, wielding a +0 dagger and wearing a +0 robe (heavily damaged, 82% to hit)
The blast of sand hits the wight but does no damage.
The wight is heavily damaged.
The wight hits you but does no damage. The wight closely misses you.
You block the wight's attack. The wight closely misses you.
You climb upwards.
There is a stone staircase leading down here.
Casting: Sandblast (safe; 4% risk of failure)
Confirm with . or Enter, or press ? or * to list all spells.
Aiming: Sandblast (safe; 4% risk of failure)
Press: ? - help, Shift-Dir - straight line, f - wight
Aim: a wight, wielding a +0 dagger and wearing a +0 robe (heavily damaged, 82% to hit)
The blast of sand hits the wight but does no damage.
The wight is heavily damaged.
The wight hits you with a +0 dagger.
You feel drained. The wight completely misses you.
Casting: Sandblast (safe; 4% risk of failure)
Confirm with . or Enter, or press ? or * to list all spells.
Aiming: Sandblast (safe; 4% risk of failure)
Press: ? - help, Shift-Dir - straight line, f/p - wight
Aim: a wight, wielding a +0 dagger and wearing a +0 robe (heavily damaged, 82% to hit)
The blast of sand hits the wight.
The wight is almost destroyed.
The wight hits you with a +0 dagger.
You feel drained.
* * * LOW HITPOINT WARNING * * *
Casting: Sandblast (safe; 4% risk of failure)
Confirm with . or Enter, or press ? or * to list all spells.
Aiming: Sandblast (safe; 4% risk of failure)
Press: ? - help, Shift-Dir - straight line, f/p - wight
Aim: a wight, wielding a +0 dagger and wearing a +0 robe (almost destroyed, 82% to hit)
The blast of sand hits the wight but does no damage.
The wight is almost destroyed.
The wight hits you with a +0 dagger!
You die...

~~.PP..P##.#.....+..# #..#
≈≈########.#.....#######..#
~≈~~~~~~##................#
~≈≈≈~~~~###......#####.####
~~≈≈~#### #[.###.# #.#
~~~≈~~~## #..###'#####.#
~≈†≈~~~~# #............#
≈~≈~~~~## #....z...#####
######## ##.....@..#
#########.........#
##.................#
...................#
##.#######.........# #.#
####......# #.# #......#
#.# ######## #.#


You could see a wight.

Vanquished Creatures
  Sigmund (D:3)
  2 adders
  2 ribbon worms
  An orc (D:3)
  8 bats
  5 endoplasms
  3 giant cockroaches
  4 goblins (D:1)
  4 hobgoblins
  5 kobolds
  4 quokkas
  4 ball pythons
  4 frilled lizards
  6 rats
53 creatures vanquished.

Notes
Turn   | Place    | Note
-------+----------+-------------------------------------------
     0 | D:1      | inmateoo the Demonspawn Earth Elementalist began the quest
                  | for the Orb.
     0 | D:1      | Reached XP level 1. HP: 13/13 MP: 3/3
   230 | D:1      | Gained mutation: A meltable shield of frost defends you.
                  | (SH +4) [demonic ancestry]
   230 | D:1      | Reached XP level 2. HP: 20/20 MP: 3/5
   654 | D:1      | Reached XP level 3. HP: 25/25 MP: 4/6
   693 | D:1      | Reached skill level 3 in Earth Magic
  1120 | D:2      | Reached skill level 1 in Fighting
  1737 | D:3      | Learned a level 3 spell: Stone Arrow
  2082 | D:3      | Found an opulent altar of Gozag.
  2199 | D:3      | Gained mutation: You regenerate magic rapidly. [demonic
                  | ancestry]
  2199 | D:3      | Reached XP level 4. HP: 32/32 MP: 4/7
  2201 | D:3      | Noticed Sigmund
  2209 | D:3      | Killed Sigmund
  2210 | D:3      | Reached XP level 5. HP: 26/38 MP: 1/9
  2506 | D:3      | Identified the +1 pair of gloves of Bedevilment {Str+6
                  | Int-3}
  2813 | D:3      | Slain by a wight

Illustrated notes

Levels and vault maps discovered:
D:1:      minmay_arrival_four_houses, layout_loops_ring, minmay_tromino_i2
D:2:      layout_basic
D:3:      wad_lake_hut, layout_basic, mainiacjoe_overflow_surrounded_room,
          chequers_serial_rivers_large_a, uniq_sigmund
D:4:      layout_basic, tso_altar, mainiacjoe_overflow_small_starburst,
          nicolae_overflow_two_pavilions, vehumet_crystals, serial_shops,
          nicolae_diamond_shop, chequers_serial_rivers_large_b

Skill      XL: |  1  2  3  4 |
---------------+-------------+-----
Stealth        | 2 |  2.9
Dodging        | 2 |  2.6
Earth Magic    | 3 |  3.4
Fighting       | 1 |  1.9
Conjurations   | 2 |  2.3
Spellcasting   | |  2.9

Action                     |  1- 3 |  4- 6 || total
---------------------------+-------+-------++-------
  Melee: Unarmed           |    35 |     1 ||    36
   Cast: Sandblast         |    67 |    29 ||    96
    Use: Scroll            |     3 |       ||     3
 Armour: Robe              |    46 |    19 ||    65
  Dodge: Dodged            |    55 |    23 ||    78
  Block: Other             |     8 |     4 ||    12
